AoeStats
← bnb92110

Arena

505455885Analyzed
3v3 RM · 22d ago on Sep 9, 2026· 57m 43s· 6 players
Game mode
Random Map
Map size
Normal (6 player)
Population
200
Speed
Normal
Resources
Standard
Victory
Conquest
Starting age
Dark Age
Ending age
Imperial Age
RankedLock teamsTeams togetherTeam positionsShared explorationLock speedFull tech treeHidden civsTurbo modeCheats
Victory
Defeat
🇮🇩 Cumans · Indonesia
982
+10
🇺🇸 Hindustanis · United States
839
+18
🇸🇰 Britons · Slovakia
764
+19
🇹🇼 Tupi · Taiwan
842
-23
🇹🇼 Teutons · Taiwan
834
-15
🇹🇼 Poles · Taiwan
834
-29
bastull
10:06 Feudal Age
10:35 Double-Bit Axe
10:42 Gold Mining
12:28 Wheelbarrow
13:59 Forging
13:50 Scale Mail Armor
21:58 Stone Mining
23:52 Scale Barding Armor
30:03 Castle Age
31:23 Hand Cart
33:07 Iron Casting
32:28 Pikeman
34:44 Bow Saw
35:41 Husbandry
Richard
0:27 Loom
8:54 Feudal Age
10:22 Horse Collar
10:29 Double-Bit Axe
10:38 Town Watch
20:21 Castle Age
20:06 Stone Mining
20:07 Gold Mining
21:10 Heavy Plow
22:56 Bow Saw
24:59 Wheelbarrow
26:35 Man-at-Arms
27:00 Gambesons
27:16 Squires
26:36 Pikeman
27:02 Arson
27:37 Pikeman
28:38 Elite Skirmisher
35:41 Imperial Age
34:03 Gold Shaft Mining
33:13 Long Swordsman
35:04 Padded Archer Armor
34:54 Fletching
36:44 Two-Handed Swordsman
36:44 Halberdier
38:04 Leather Archer Armor
38:00 Forging
37:50 Scale Mail Armor
37:56 Scale Barding Armor
39:59 Ring Archer Armor
39:24 Bodkin Arrow
42:59 Yeomen
41:59 Elite Longbowman
42:26 Champion
44:13 Murder Holes
44:28 Fortified Wall
45:22 Chemistry
44:43 Ballistics
44:08 Arrowslits
44:29 Siege Engineers
44:34 Masonry
44:05 Treadmill Crane
44:16 Heated Shot
45:45 Hoardings
44:41 Sappers
45:33 Conscription
46:18 Sappers
46:49 Warwolf
48:49 Fortified Wall
48:30 Guard Tower
48:42 Bracer
49:18 Iron Casting
48:58 Chain Mail Armor
49:04 Chain Barding Armor
52:26 Caravan
54:38 Two-Man Saw
58:37 Blast Furnace
58:07 Plate Mail Armor
58:12 Plate Barding Armor
58:10 Architecture
58:16 Keep
58:08 Hand Cart
57:55 Town Patrol
爷爷泡的奶茶
9:08 Feudal Age
10:04 Double-Bit Axe
11:54 Horse Collar
16:26 Wheelbarrow
19:49 Forging
19:44 Scale Barding Armor
22:55 Castle Age
21:12 Bloodlines
24:22 Bow Saw
24:13 Heavy Plow
24:06 Gold Mining
24:54 Iron Casting
24:39 Chain Barding Armor
25:08 Hand Cart
24:49 Capped Ram
27:54 Gold Shaft Mining
27:28 Stone Mining
32:15 Imperial Age
30:28 Chain Barding Armor
36:44 Two-Man Saw
36:17 Crop Rotation
35:35 Loom
35:15 Siege Ram
35:19 Elite Steppe Lancer
37:34 Blast Furnace
37:09 Plate Barding Armor
36:24 Fletching
36:36 Padded Archer Armor
38:33 Ballistics
39:14 Chemistry
38:25 Masonry
38:11 Murder Holes
43:07 Elite Kipchak
43:52 Cuman Mercenaries
43:54 Steppe Husbandry
44:16 Conscription
44:33 Hoardings
44:54 Light Cavalry
45:31 Bodkin Arrow
45:52 Leather Archer Armor
50:32 Ring Archer Armor
49:25 Hussar
50:07 Scale Mail Armor
你家失火
10:29 Feudal Age
15:33 Castle Age
13:56 Loom
20:19 Double-Bit Axe
23:03 Horse Collar
25:24 Fletching
26:32 Pikeman
29:39 Bodkin Arrow
35:51 Imperial Age
34:27 Gold Mining
34:46 Champi Runner
37:04 Bow Saw
36:39 Halberdier
38:24 Scale Mail Armor
44:35 Wheelbarrow
44:50 Gold Shaft Mining
45:18 Two-Man Saw
51:25 Chain Mail Armor
56:05 Squires
57:30 Plate Mail Armor
bnb92110
11:20 Feudal Age
16:32 Castle Age
14:52 Double-Bit Axe
14:50 Horse Collar
19:54 Heavy Plow
22:09 Wheelbarrow
23:39 Bow Saw
23:22 Loom
27:01 Hand Cart
30:25 Imperial Age
30:28 Scale Barding Armor
30:24 Scale Mail Armor
30:35 Forging
30:16 Arson
30:32 Squires
30:42 Szlachta Privileges
32:52 Siege Engineers
34:37 Bloodlines
34:29 Husbandry
35:10 Iron Casting
34:51 Chain Mail Armor
34:57 Chain Barding Armor
35:31 Light Cavalry
35:33 Cavalier
37:28 Winged Hussar
39:20 Blast Furnace
38:50 Plate Mail Armor
46:28 Elite Obuch
46:36 Elite Obuch
58:26 Crop Rotation
臭老豬223
5:33 Loom
11:19 Feudal Age
12:16 Double-Bit Axe
12:40 Town Watch
16:00 Fletching
17:03 Scale Mail Armor
19:01 Arson
21:29 Horse Collar
22:58 Forging
28:26 Castle Age
27:06 Man-at-Arms
30:06 Town Patrol
30:55 Pikeman
30:55 Long Swordsman
31:37 Squires
33:39 Bodkin Arrow
34:00 Chain Mail Armor
34:49 Heavy Plow
35:26 Wheelbarrow
35:12 Bow Saw
35:15 Gambesons
37:58 Hand Cart
37:50 Gold Mining
37:52 Stone Mining
38:04 Elite Skirmisher
43:45 Imperial Age
44:46 Heavy Plow
45:10 Ballistics
45:53 Two-Man Saw
45:37 Iron Casting
45:32 Plate Mail Armor
45:45 Two-Handed Swordsman
45:46 Halberdier
50:30 Blast Furnace
49:42 Champion
51:49 Caravan
52:42 Crop Rotation
Connection lost

Rejoining the realm…

Still unreachable

The connection could not be restored.

Session expired

The server has moved on; the page needs a fresh start.